 Dungeon Crawl Stone Soup version 0.26-a0-850-g97a50ab700 (webtiles) character file.

Game seed: 11583356480131280346

862 runemasterragnar the Slasher (level 8, 0/121 HPs)
             Began as an Octopode Fighter on Nov 21, 2020.
             Killed by divine providence
             ... invoked by an orc priest
              (13 damage)
             ... on level 5 of the Dungeon.
             The game lasted 00:05:28 (3948 turns).

runemasterragnar the Slasher (Octopode Fighter)     Turns: 3948, Time: 00:05:29

Health: 0/121      AC: 24    Str: 15    XL:     8   Next: 2%
Magic:  8/8        EV:  2    Int: 12    God:
Gold:   103        SH:  9    Dex: 12    Spells: 6/7 levels left

rFire    . . .     SeeInvis .   a - +3 long sword
rCold    . . .     Faith    .   b - +0 kite shield
rNeg     + + +     Spirit   .   (helmet currently unavailable)
rPois    +         Reflect  .   m - amulet of regeneration
rElec    .         Harm     .   k - ring of stealth
rCorr    .         Rampage  .   v - ring of wizardry
MR       .....     NoTele   +   (no ring)
Stlth    ..........             (no ring)
HPRegen  0.70/turn              (no ring)
MPRegen  0.11/turn              (no ring)
                                (no ring)
                                (no ring)

@: berserking, tree-form, lightly drained, very quick
A: almost no armour, stealthy swim, (amphibious), 8 rings, (constrict 8)
a: no special abilities


You were on level 5 of the Dungeon.
You were a tree.
You visited 1 branch of the dungeon, and saw 5 of its levels.

You collected 173 gold pieces.
You spent 70 gold pieces at shops.

Inventory:

Hand Weapons
 a - a +3 long sword (weapon)
 z - a +0 hand crossbow
Missiles
 e - 44 sling bullets
 g - 7 javelins (quivered)
 A - 16 bolts
 B - a throwing net
Armour
 b - a +0 kite shield (worn)
Jewellery
 i - an uncursed amulet of magic regeneration
 k - a ring of stealth (left branch)
 m - an amulet of regeneration (around neck)
 v - a ring of wizardry (right branch)
Wands
 u - a wand of iceblast (8)
 w - a wand of enslavement (6)
Scrolls
 h - 2 scrolls of teleportation {unknown}
 j - 2 scrolls of remove curse
 n - 2 scrolls of random uselessness {unknown}
 p - a scroll of amnesia {unknown}
 q - a scroll of blinking {unknown}
 s - 2 scrolls of magic mapping {unknown}
 t - 2 scrolls of enchant armour {unknown}
 x - a scroll of fear {unknown}
 y - a scroll of identify
 C - a scroll of fog {unknown}
Potions
 c - 4 potions of might
 d - a potion of attraction
 o - a potion of curing {unknown}
 r - 2 potions of resistance


   Skills:
 + Level 4.3(4.0) Fighting
 * Level 4.8(4.6) Long Blades
 + Level 0.5(0.3) Crossbows
 - Level 2.2(1.9) Throwing
 + Level 4.2(3.9) Dodging
 + Level 4.1(3.8) Stealth
 + Level 4.2(3.9) Shields
 + Level 2.7(2.4) Unarmed Combat
 + Level 1.2(1.0) Evocations


You had 6 spell levels left.
You knew the following spells:

 Your Spells              Type           Power        Failure   Level
a - Apportation           Tloc           #.....       45%         1

Your spell library contained the following spells:

 Spells                   Type           Power        Failure   Level
 Animate Skeleton         Necr           #.....       45%         1
 Corona                   Hex            #......      45%         1
 Summon Small Mammal      Summ           #...         45%         1


Dungeon Overview and Level Annotations

Branches:
Dungeon (5/15)
 Temple: D:4-7

Altars:
Elyvilon
Fedhas
Kikubaaqudgha
Ru
Xom

Shops:
D:4 (   D:5 [

Annotations:
D:3 2 transporters


Innate Abilities, Weirdness & Mutations

You cannot wear most types of armour.
You are very stealthy in the water. (Stealth+)
((You are amphibious.))
You can wear up to eight rings at the same time.
((You can use your tentacles to constrict eight enemies at once.))
((Your skin changes colour to match your surroundings (Stealth+).))
((Your rubbery body absorbs attacks. (AC +1, EV +1)))


Message History

An orc priest comes into view. It is wielding a +0 club.
The wight hits you but does no damage.
The orc priest mumbles some strange prayers to Beogh against you.
Beogh smites you!
* * * LOW HITPOINT WARNING * * *
The wight hits you but does no damage.
It was a potion of berserk rage.
A red film seems to cover your vision as you go berserk!
You feel yourself moving faster!
You feel mighty!
The orc priest shouts!
You block the wight's attack. The wight hits you but does no damage.
The orc hits you but does no damage.
You completely miss the wight. The orc barely misses you.
You closely miss the wight. The wight hits you but does no damage.
You block the orc's attack. The wight hits you but does no damage.
The orc barely misses you.
You barely miss the wight.
The orc priest calls down the wrath of Beogh upon you.
Beogh smites you!
You die...

### ..# #.# #.#
#######z##########
...o..o♣z........#
..o.###o###...# #
#...........#
#....≈≈..⌠....#
#..≈≈≈≈≈...#..#
....≈≈≈...##.##
....≈≈≈...##)#
##..≈≈≈≈≈..#)# #
#..≈.≈..≈.#.# .#


You could see 2 wights, 2 orc priests and 2 orcs.

Vanquished Creatures
  Grinder (D:3)
  Sigmund (D:2)
  A phantom (D:4)
  A scorpion (D:4)
  3 wights (D:5)
  2 orc priests (D:4)
  A hound (D:4)
  A worker ant (D:4)
  4 adders
  4 gnolls (D:4)
  An ooze (D:4)
  2 dart slugs
  2 leopard geckos
  7 orcs
  5 bats
  7 giant cockroaches
  5 goblins
  7 hobgoblins
  7 jackals
  9 frilled lizards
  A jackal skeleton (D:4)
  6 kobolds
  A quokka skeleton (D:4)
  3 rats (D:1)
82 creatures vanquished.

Vanquished Creatures (others)
  6 plants (D:5)
6 creatures vanquished.

Grand Total: 88 creatures vanquished

Notes
Turn   | Place    | Note
-------+----------+-------------------------------------------
     0 | D:1      | runemasterragnar the Octopode Fighter began the quest for
                  | the Orb.
     0 | D:1      | Reached XP level 1. HP: 16/16 MP: 1/1
    54 | D:1      | Reached XP level 2. HP: 14/21 MP: 2/2
   291 | D:1      | Reached skill level 1 in Stealth
   660 | D:1      | Reached XP level 3. HP: 26/26 MP: 3/3
   881 | D:2      | Noticed Sigmund
   890 | D:2      | Killed Sigmund
   891 | D:2      | Reached skill level 1 in Throwing
   891 | D:2      | Reached skill level 1 in Unarmed Combat
   891 | D:2      | Reached XP level 4. HP: 15/31 MP: 4/4
   891 | D:2      | Reached XP level 5. HP: 18/36 MP: 5/5
  1571 | D:3      | Found a sacrificial altar of Ru.
  1598 | D:3      | Found a transporter.
  1690 | D:3      | Found a transporter.
  1690 | D:3      | Noticed a kobold demonologist
  1779 | D:3      | Found a white marble altar of Elyvilon.
  2161 | D:3      | Noticed Grinder
  2164 | D:3      | Paralysed by Grinder for 4 turns
  2184 | D:3      | Killed Grinder
  2185 | D:3      | Reached XP level 6. HP: 20/43 MP: 6/6
  2587 | D:4      | Reached XP level 7. HP: 35/47 MP: 7/7
  3419 | D:4      | Found a shimmering altar of Xom.
  3419 | D:4      | Found a blossoming altar of Fedhas.
  3432 | D:4      | Found Asaytyno's Antique Weapon Emporium.
  3435 | D:4      | Bought a hand crossbow for 70 gold pieces
  3714 | D:4      | Learned a level 1 spell: Apportation
  3817 | D:5      | Entered Level 5 of the Dungeon
  3851 | D:5      | Found Piagiq's Armour Shoppe.
  3897 | D:5      | Reached skill level 1 in Evocations
  3907 | D:5      | Reached XP level 8. HP: 40/54 MP: 8/8
  3936 | D:5      | Found an ancient bone altar of Kikubaaqudgha.
  3948 | D:5      | Killed from afar by an orc priest

Illustrated notes

Levels and vault maps discovered:
D:1:      lemuel_arrival_behind_the_door_large, layout_rooms,
          minmay_misc_feat_room
D:2:      layout_loops_ring, minmay_misc_feat_x, uniq_sigmund
D:3:      gammafunk_wand_slinger, layout_loops_corners,
          nicolae_ru_sacrificial_ziggurat, old_standard_altar, uniq_grinder
D:4:      layout_rooms, gammafunk_temple_overflow_elements, serial_shops,
          nicolae_shop_window_shopping, minmay_vboxes
D:5:      layout_loops_ring, kiku_gazebo_pond_becter, serial_shops,
          nicolae_shop_competitors_out_of_business, gammafunk_ghost_arena,
          serial_bayou_lagoon_b

Skill      XL: |  1  2  3  4  5  6  7 |
---------------+----------------------+-----
Stealth        | 1 2 3 4 |  4.1
Long Blades    | 3 4 |  4.8
Throwing       | 1 2 |  2.2
Unarmed Combat | 1 2 |  2.7
Fighting       | 4 |  4.3
Dodging        | 4 |  4.2
Shields        | 4 |  4.2
Evocations     | 1 |  1.2
Crossbows      | |  0.5

Action                   |  1- 3 |  4- 6 |  7- 9 || total
-------------------------+-------+-------+-------++-------
Melee: Long sword        |    51 |    30 |    79 ||   160
       Constrict         |    18 |     8 |    12 ||    38
       Tentacles         |     9 |     6 |    12 ||    27
       Unarmed           |       |     9 |    13 ||    22
       Punch             |       |       |     1 ||     1
Throw: Javelin           |       |     4 |     7 ||    11
Evoke: Wand              |       |       |     1 ||     1
  Use: Potion            |       |     2 |     3 ||     5
       Scroll            |       |       |     4 ||     4
 Stab: Sleeping          |     5 |     9 |    11 ||    25
Armor: Skin              |     3 |    12 |    36 ||    51
Dodge: Dodged            |    24 |    12 |    31 ||    67
Block: Kite shield       |    26 |    13 |    51 ||    90
       Rpst.: Long sword |     7 |     5 |     6 ||    18

Table legend: (Time is in decaauts)
 A = Elapsed time spent in this place.
 B = Non-inter-level travel time spent in this place.
 C = Inter-level travel time spent in this place.
 D = Time resting spent in this place.
 E = Time spent auto-exploring this place.
 F = Levels seen in this place.
 G = Mean time per level.
                   A        B        C        D        E       F      G
               +--------+--------+--------+--------+--------+-----+--------+
         Total |   3997 |   3701 |    296 |    674 |   2375 |   5 |  799.4 |
       Dungeon |   3997 |   3701 |    296 |    674 |   2375 |   5 |  799.4 |
               +--------+--------+--------+--------+--------+-----+--------+

Top non-repeatable levels by time:
     D:3: 1226 daAuts
     D:4: 955 daAuts
     D:1: 929 daAuts
     D:2: 750 daAuts
     D:5: 135 daAuts
